 Dungeon Crawl Stone Soup version 0.31.0 (webtiles) character file.

Game seed: 980179802769324239

3 Aldia the Caller (level 1, 9/9 HPs)
             Began as a Felid Summoner on Jan 20, 2024.
             Quit the game on level 1 of the Dungeon.
             The game lasted 00:00:51 (156 turns).

Aldia the Caller (Felid Summoner)                    Turns: 156, Time: 00:00:51

Health: 9/9        AC:  1    Str:  4    XL:     1   Next: 41%
Magic:  4/4        EV: 17    Int: 18    God:
Gold:   27         SH:  0    Dex: 16    Spells: 3/4 levels left
                                        Lives:  0   Deaths: 1

rFire   . . .        (weapon unavailable)
rCold   . . .        (shield unavailable)
rNeg    . . .        (body armour unavailable)
rPois   .            (helmet unavailable)
rElec   .            (cloak unavailable)
rCorr   .            (gloves unavailable)
SInv    +            (boots unavailable)
Will    .....        (no amulet)
Stlth   ++           (no ring)
HPRegen 0.21/turn    (no ring)
MPRegen 0.09/turn

%: no passive effects
@: no status effects
A: very small, claws 1, fangs 3, see invisible, shaggy fur 1, stealthy paws, no
weapons or thrown items, no armour, multi-lived
a: no special abilities


You were on level 1 of the Dungeon.
You visited 1 branch of the dungeon, and saw 1 of its levels.

You collected 27 gold pieces.

Inventory:

Scrolls
 b - a scroll of teleportation {unknown}
 c - a scroll of noise {unknown}


   Skills:
 - Level 2.6 Dodging
 - Level 2.6 Stealth
 + Level 2.1 Spellcasting
 + Level 4.1 Summonings


You had 3 spell levels left.
You knew the following spells:

 Your Spells              Type           Power      Damage    Failure   Level
a - Summon Small Mammal   Summ           64%        N/A       3%          1

Your spell library contained the following spells:

 Spells                   Type           Power      Damage    Failure   Level
 Call Imp                 Summ           32%        N/A       4%          2
 Call Canine Familiar     Summ           16%        N/A       10%         3
 Volatile Blastmotes      Fire/Tloc      2%         2d10      47%         3
 Summon Blazeheart Golem  Fire/Summ      9%         N/A       58%         4
 Summon Lightning Spire   Summ/Air       9%         N/A       58%         4
 Fulminant Prism          Conj/Alch      0%         3d5       87%         4
 Iskenderun's Mystic Bla  Conj/Tloc      1%         2d3       87%         4


Dungeon Overview and Level Annotations

Branches:
Dungeon (1/15)

Altars:


Innate Abilities, Weirdness & Mutations

You have sharp claws.
You have razor-sharp teeth.
You have supernaturally acute eyesight. (SInv)
You are covered in fur. (AC +1)
Your paws help you pounce on unaware monsters.
You are incapable of wielding weapons or throwing items.
You cannot wear armour.
You gain extra lives every three experience levels.


Message History

The gnoll hits your quokka with a +0 club!
Your quokka dies!
Your quokka's corpse disappears in a puff of smoke!
Magic courses through your body. The goblin hits you with a +0 club.
Ouch! That really hurt!
The gnoll misses you.
The goblin hits your bat with a +0 club.
Your bat hits the goblin. The gnoll attacks as it pursues you!
The gnoll hits you with a +0 club.
Your bat misses the goblin.
Your bat closely misses the goblin.
The gnoll barely misses your bat.
You are too injured to fight recklessly!
Casting: Summon Small Mammal (safe; 3% risk of failure)
Confirm with . or Enter, or press ? or * to list all spells.
Your bat hits the goblin. The goblin closely misses you.
The gnoll closely misses your bat.
Your bat misses the goblin. The goblin closely misses you.
The gnoll hits your quokka with a +0 club!
Your quokka dies!
Your quokka's corpse disappears in a puff of smoke!
Your bat misses the goblin.
The goblin hits your bat but does no damage.
You are too injured to fight recklessly!
Casting: Summon Small Mammal (safe; 3% risk of failure)
Confirm with . or Enter, or press ? or * to list all spells.
Your bat hits the goblin. The goblin closely misses your bat.
Your bat closely misses the goblin.
Your bat barely misses the gnoll.
The goblin hits your bat with a +0 club.
Your bat dies!
Your bat's corpse disappears in a puff of smoke!
Your bat closely misses the goblin.
The gnoll barely misses you.
Your bat hits the gnoll.
Casting: Summon Small Mammal (safe; 3% risk of failure)
Confirm with . or Enter, or press ? or * to list all spells.
Your bat hits the gnoll. The gnoll hits you with a +0 club.
Ouch! That really hurt!
You die...
You rejoin the land of the living...
Are you sure you want to abandon this character and quit the game? (Confirm with "yes".)

#........##....
#........#....≈
#........#..≈≈≈
#........#..≈..
#.[......#.)..P .###########
#...........≈..
..#........###........#..≈≈≈
............(.........#....≈
#.........@................
#..................##.....
#........#################
#........# # #........#
####..#### ##...####
###....# ####†##


There were no monsters in sight!

Vanquished Creatures
  A giant cockroach (D:1)
1 creature vanquished.

Vanquished Creatures (collateral kills)
  A ball python (D:1)
  A bat (D:1)
  A kobold (D:1)
3 creatures vanquished.

Grand Total: 4 creatures vanquished

Notes
Turn   | Place    | Note
-------+----------+-------------------------------------------
     0 | D:1      | Aldia the Felid Summoner began the quest for the Orb.
     0 | D:1      | Reached XP level 1. HP: 9/9 MP: 4/4
   155 | D:1      | Slain by a gnoll
   155 | D:1      | Lost a life (0 lives remaining)
   156 | D:1      | Quit the game

Illustrated notes

Levels and vault maps discovered:
D:1:      mainiacjoe_arrival_oval_in_oval, layout_basic, minmay_tetromino_o4

Action                     || total
---------------------------++-------
  Melee: Unarmed           ||     3
   Cast: Summon Small Mamm ||    14
    Use: Potion            ||     1
 Armour: Skin              ||     5
  Dodge: Dodged            ||     9
